 Dungeon Crawl Stone Soup version 0.28.0-45-g0d030f2227 (webtiles) character file.

Game seed: 3516015699275983134

86 101zpm the Magician (level 4, -3/31 HPs)
             Began as a Djinni Ice Elementalist on Apr 11, 2022.
             Slain by a gnoll
             ... wielding a +0 halberd
              (11 damage)
             ... on level 4 of the Dungeon.
             The game lasted 00:05:39 (4546 turns).

101zpm the Magician (Djinni Ice Elementalist)       Turns: 4546, Time: 00:05:39

Health: -3/31      AC:  2    Str:  7    XL:     4   Next: 77%
Gold:   127        EV: 12    Int: 18    God:
                   SH:  0    Dex: 14

rFire   + + .      SeeInvis .   m - +1 war axe (elec)
rCold   x . .      Faith    .   (no shield)
rNeg    . . .      Spirit   .   a - +0 robe
rPois   ∞          Reflect  .   (no helmet)
rElec   .          Harm     .   (no cloak)
rCorr   .          Rampage  .   (no gloves)
Will    .....                   (boots unavailable)
Stlth   ++........              (no amulet)
HPRegen 0.10/turn               (no ring)
MPRegen 0.00/turn               (no ring)

@: freezing walls, flying
A: sickness immunity, fire resistance 2, cold vulnerability 1, float, innate
caster, HP casting, extra vitality 1
a: no special abilities


You were on level 4 of the Dungeon.
You visited 1 branch of the dungeon, and saw 4 of its levels.

You collected 127 gold pieces.

Inventory:

Hand Weapons
 m - a +1 war axe of electrocution (weapon)
Missiles
 f - 2 throwing nets
Armour
 a - a +0 robe (worn)
 o - a +0 pair of gloves
Scrolls
 b - 3 scrolls of identify {unknown}
 d - 2 scrolls of teleportation {unknown}
 e - a scroll of magic mapping {unknown}
 h - a scroll of enchant weapon {unknown}
 i - a scroll of noise {unknown}
 k - a scroll of enchant armour {unknown}
 l - a scroll of brand weapon {unknown}
Potions
 c - 2 potions of curing {unknown}
 g - 2 potions of mutation {unknown}
 j - a potion of resistance {unknown}
 n - a potion of heal wounds {unknown}


   Skills:
 + Level 0.1 Axes
 + Level 2.8 Dodging
 + Level 2.0 Stealth
 + Level 0.6 Unarmed Combat
 + Level 4.1 Spellcasting


You couldn't memorise any spells.
You knew the following spells:

 Your Spells              Type           Power      Damage    Failure   Level
a - Freeze                Ice            72%        1d9       2%          1
b - Frozen Ramparts       Ice            36%        1d5       8%          3
c - Ozocubu's Armour      Ice            18%        N/A       8%          3
d - Hailstorm             Conj/Ice       18%        3d6       26%         4
e - Sting                 Tmut/Pois      72%        1d6       2%          1
Your spell library was empty.

Dungeon Overview and Level Annotations

Branches:
Dungeon (4/15)
 Temple: D:4-7

Altars:
Sif Muna


Innate Abilities, Weirdness & Mutations

You are immune to sickness and miasma.
You are immune to poison.
Your flesh is very heat resistant. (rF++)
You are vulnerable to cold. (rC-)
You float through the air rather than walking.
You learn spells naturally, not from books.
Your magical power is your life essence.
You have superior vitality. (+4 MHP)


Message History

Things that are here:
a +0 dagger; a goblin corpse You now have 127 gold pieces (gained 22).
You see here 31 stones.
A gnoll shaman and 2 gnolls come into view.
Found 2 scrolls labelled VEOSYNABUI.
You see here 2 fuming cyan potions.
There are monsters nearby!
A gnoll comes into view. It is wielding a +0 halberd.
The gnoll shaman shouts!
The gnoll shouts! x2
A gnoll comes into view. It is wielding a +2 spear of flaming.
The gnoll shouts!
The gnoll hits you from afar with a +2 spear of flaming.
You hit the gnoll shaman.
The gnoll shaman is moderately wounded.
The gnoll hits you from afar with a +2 spear of flaming.
The gnoll closely misses you.
The gnoll shaman hits you with a +0 club.
The gnoll barely misses you.
Casting: Freeze (safe; 2% risk of failure)
Confirm with . or Enter, or press ? or * to list all spells.
The spell is quite dangerous to miscast (8% risk of failure)!
Continue anyway?
Casting: Frozen Ramparts (quite dangerous; 8% risk of failure)
Press: ? - help, Dir - look around, f - activate The walls around you are covered in ice.
The wall freezes the gnoll.
The gnoll closely misses you.
The wall freezes the gnoll shaman.
The gnoll shaman hits you with a +0 club.
The wall freezes the gnoll.
The gnoll hits you from afar with a +2 spear of flaming.
* * * LOW HITPOINT WARNING * * *
Aiming: Freeze (safe; 2% risk of failure)
Press: ? - help, Q - select action, (/) - cycle Shift-Dir - straight line, f - gnoll shaman
Aim: a gnoll shaman, wielding a +0 club and wearing a +0 leather armour (heavily wounded)
You freeze the gnoll shaman.
The gnoll shaman is severely wounded.
* * * LOW HITPOINT WARNING * * *
The wall freezes the gnoll.
The gnoll hits you from afar with a +0 halberd!
You die...

#.. ... #.. ..# #.##.#.#
..# #.##.#.# ..#
#.##.#.# #####
..######.##.#.# .....#
.:.....#).....####g....#
..............##.gg....#
.......#.......#@#
..#.###......(!..# ..#)#
##.....>.#.# ..#.#
##.....#...# ..#.#
#.......#... ..#.#
##..###...##. ....#
......#.### # #####
?##.##.#.# #$. ....


You could see a gnoll shaman and 2 gnolls.

Vanquished Creatures
  2 adders
  A worm (D:3)
  A dart slug (D:2)
  2 orcs (D:4)
  6 ball pythons
  4 endoplasms
  A giant cockroach (D:1)
  6 goblins
  8 hobgoblins
  3 jackals (D:4)
  A quokka (D:2)
  6 bats
  5 frilled lizards
  4 kobolds
  5 rats
55 creatures vanquished.

Notes
Turn   | Place    | Note
-------+----------+-------------------------------------------
     0 | D:1      | 101zpm the Djinni Ice Elementalist began the quest for the
                  | Orb.
     0 | D:1      | Reached XP level 1. HP: 15/15 MP: 0/0
   641 | D:1      | Reached XP level 2. HP: 19/21 MP: 0/0
  1706 | D:2      | Reached XP level 3. HP: 21/25 MP: 0/0
  1706 | D:2      | Learned a level 1 spell: Sting
  2420 | D:2      | Reached skill level 4 in Spellcasting
  2841 | D:3      | Reached XP level 4. HP: 24/31 MP: 0/0
  4546 | D:4      | Slain by a gnoll

Illustrated notes

Levels and vault maps discovered:
D:1:      nicolae_arrival_somewhat_less_tricky_arrival, layout_loops_cross,
          minmay_pentomino_w2
D:2:      wad_crossroads, layout_loops_ring, basic_altar
D:3:      layout_basic
D:4:      layout_loops_cross, serial_shops, nicolae_shop_trees

Skill      XL: |  1  2  3  4 |
---------------+-------------+-----
Spellcasting   | 4 |  4.1
Stealth        | 2 |  2.0
Axes           | |  0.1
Dodging        | |  2.8
Unarmed Combat | |  0.6

Action                   |  1- 3 |  4- 6 || total
-------------------------+-------+-------++-------
Melee: Unarmed           |   100 |    52 ||   152
       War axe           |       |    24 ||    24
       Punch             |       |     1 ||     1
 Cast: Freeze            |    35 |    11 ||    46
       Frozen Ramparts   |     1 |     1 ||     2
 Stab: Sleeping          |     3 |     4 ||     7
Armor: Robe              |    39 |    12 ||    51
Dodge: Dodged            |   112 |    51 ||   163
